 Dungeon Crawl Stone Soup version 0.30.0-15-g856e2d3f33 (webtiles) character file.

Game seed: 13301044311572794432

127 loir the Magician (level 5, -6/35 HPs)
             Began as a Djinni Fire Elementalist on May 20, 2023.
             Was an Initiate of Makhleb.
             Killed by divine providence
             ... invoked by an orc priest
              (8 damage)
             ... on level 4 of the Dungeon.
             The game lasted 00:32:08 (2219 turns).

loir the Magician (Djinni Fire Elementalist)        Turns: 2219, Time: 00:32:09

Health: -6/35      AC:  3    Str:  7    XL:     5   Next: 33%
Gold:   157        EV: 12    Int: 19    God:    Makhleb [......] SH:  0 Dex: 13

rFire   + + .        r - +2 short sword (venom)
rCold   x . .        (no shield)
rNeg    . . .        a - +1 robe
rPois   ∞            (no helmet)
rElec   .            (no cloak)
rCorr   .            (no gloves)
SInv    .            (boots unavailable)
Will    +....        (no amulet)
Stlth   ++           c - ring of willpower
HPRegen 0.25/turn    e - ring of wizardry
MPRegen 0.00/turn

%: wizardry (x1), infuse magic (-7 HP)
@: flying
A: sickness immunity, fire resistance 2, cold vulnerability 1, float, innate
caster, HP casting, extra vitality 1
a: Renounce Religion


You were on level 4 of the Dungeon.
You worshipped Makhleb.
Makhleb was noncommittal.
You visited 1 branch of the dungeon, and saw 4 of its levels.

You collected 157 gold pieces.

Inventory:

Hand Weapons
 r - a +2 short sword of venom (weapon)
 s - the +4 sling of Duusocru {heavy, Str+4 Dex+3}
   (You found it on level 3 of the Dungeon)

   Str:       It affects your strength (+4).
   Dex:       It affects your dexterity (+3).
Armour
 a - a +1 robe (worn)
 b - a +0 leather armour
Jewellery
 c - a ring of willpower (left hand)
 e - a ring of wizardry (right hand)
 n - an amulet of the acrobat
Scrolls
 f - 3 scrolls of teleportation
 l - a scroll of magic mapping
 o - a scroll of fear
 q - a scroll of vulnerability {unknown}
Potions
 d - a potion of cancellation {unknown}
 g - a potion of lignification
 h - a potion of mutation
 i - a potion of heal wounds {unknown}
 j - a potion of invisibility {unknown}
 k - 2 potions of curing {unknown}
 m - a potion of attraction {unknown}
 p - a potion of might {unknown}
 t - a potion of berserk rage {unknown}


   Skills:
 + Level 0.1 Fighting
 + Level 2.6 Dodging
 + Level 2.2 Stealth
 + Level 4.0 Spellcasting


You knew the following spells:

 Your Spells              Type           Power      Damage    Failure   Level
a - Foxfire               Conj/Fire      76%        2x1d7     1%          1
b - Scorch                Fire           38%        2d6       1%          2
c - Volatile Blastmotes   Fire/Tloc      38%        2d13      3%          3
d - Inner Flame           Hex/Fire       19%        N/A       3%          3
e - Flame Wave            Conj/Fire      19%        2d7       11%         4
f - Necrotise             Necr           76%        1d7       1%          1
g - Momentum Strike       Conj/Tloc      38%        3d9       1%          2
Your spell library was empty.

Dungeon Overview and Level Annotations

Branches:
Dungeon (4/15)
 Temple: D:4-7

Altars:
Makhleb
Ru
Wu Jian

Shops:
D:1 :?   D:2 =*[


Innate Abilities, Weirdness & Mutations

You are immune to sickness and miasma.
You are immune to poison.
Your flesh is very heat resistant. (rF++)
You are vulnerable to cold. (rC-)
You float through the air rather than walking.
You learn spells naturally, not from books.
Your magical power is your life essence.
You have superior vitality. (+4 MHP)


Message History

Confirm with . or Enter, or press ? or * to list all spells.
A cloud of volatile blastmotes flares up around you!
* * * LOW HITPOINT WARNING * * *
The foxfire hits the orc.
The orc is severely wounded.
The foxfire hits the orc!
You kill the orc!
Makhleb accepts your kill.
The foxfire hits the orc.
The orc is moderately wounded.
The orc wizard casts a spell.
The orc wizard flickers and vanishes!
Deactivating autopickup; reactivate with Ctrl-A.
Casting: Volatile Blastmotes (dangerous; 3% risk of failure)
Confirm with . or Enter, or press ? or * to list all spells.
Flames lash the orc but do no damage.
* * * LOW HITPOINT WARNING * * *
Unknown command.
Casting: Foxfire (safe; 1% risk of failure)
Press: ? - help, Q - select action, (/) - cycle Dir - look around, f - activate You conjure some foxfire!
* * * LOW HITPOINT WARNING * * *
The foxfire hits the orc but does no damage.
The orc is moderately wounded.
Casting: Foxfire (safe; 1% risk of failure)
Press: ? - help, Q - select action, (/) - cycle Dir - look around, f - activate
Okay, then.
Casting: Foxfire (safe; 1% risk of failure)
Confirm with . or Enter, or press ? or * to list all spells.
Flames lash something.
* * * LOW HITPOINT WARNING * * *
The foxfire hits the orc priest.
The orc priest is lightly wounded.
The orc priest hits you with a +0 club.
* * * LOW HITPOINT WARNING * * *
The orc hits you with a +0 club.
* * * LOW HITPOINT WARNING * * *
The orc priest calls down the wrath of Beogh upon you.
Beogh smites you!
You die...

###.. ...#.##.
#.#.#####.#.##. #
#<#.#..........
....#...#.###.###.. #
#.....†.....###.# #.
#.######.####...# #.#
#........####.###
..#.#..###########....#
....J)o§@.............#
...###.o########..###.#
##.# ###.####.### #..
###...##.....#
##.###...####...#.#
#.....######.#.#.#
####.># ##...#.#.# ##.#
#....#.#.#
#.###..#.#.#.#


You could see an orc priest, an orc and an endoplasm.

Vanquished Creatures
  An orc wizard (D:4)
  3 gnolls (D:2)
  An adder (D:2)
  A worm (D:3)
  2 dart slugs (D:1)
  An orc (D:4)
  6 ball pythons
  4 endoplasms
  3 giant cockroaches (D:2)
  3 goblins
  6 hobgoblins
  6 jackals
  A quokka (D:1)
  6 bats
  A frilled lizard (D:2)
  3 kobolds
  3 rats (D:1)
51 creatures vanquished.

Vanquished Creatures (collateral kills)
  A foxfire (D:4)
1 creature vanquished.

Vanquished Creatures (others)
  178 foxfires
178 creatures vanquished.

Grand Total: 230 creatures vanquished

Notes
Turn   | Place    | Note
-------+----------+-------------------------------------------
     0 | D:1      | loir the Djinni Fire Elementalist began the quest for the
                  | Orb.
     0 | D:1      | loir set off with the following spells memorised: Foxfire,
                  | Scorch, Volatile Blastmotes, Inner Flame, Flame Wave.
     0 | D:1      | Reached XP level 1. HP: 15/15 MP: 0/0
   125 | D:1      | Reached XP level 2. HP: 14/21 MP: 0/0
   200 | D:1      | Found Zumaf's Book Boutique.
   214 | D:1      | Found Nuuloipn's Magic Scroll Shop.
   348 | D:1      | Reached skill level 3 in Spellcasting
   392 | D:1      | Reached XP level 3. HP: 23/25 MP: 0/0
   392 | D:1      | Learned a level 1 spell: Necrotise
   659 | D:1      | You are sucked into a shaft and drop 1 floor!
   674 | D:2      | Reached XP level 4. HP: 10/31 MP: 0/0
   836 | D:2      | Found Bosmodd's Assorted Antiques.
   838 | D:2      | Found Vanoabba's Armour Emporium.
  1186 | D:2      | Found Awangaxykio's Jewellery Boutique.
  1219 | D:2      | Found a faded altar of an unknown god.
  1590 | D:3      | Found an ornate altar of the Wu Jian Council.
  1590 | D:3      | Found a sacrificial altar of Ru.
  1590 | D:3      | Found a burning altar of Makhleb.
  1599 | D:3      | Became a worshipper of Makhleb the Destroyer
  1834 | D:3      | Identified the +4 sling of Duusocru {heavy, Str+4 Dex+3}
  2201 | D:4      | Reached XP level 5. HP: 32/35 MP: 0/0
  2201 | D:4      | Learned a level 2 spell: Momentum Strike
  2210 | D:4      | Reached skill level 4 in Spellcasting
  2219 | D:4      | Killed from afar by an orc priest

Illustrated notes

Levels and vault maps discovered:
D:1:      elethiomel_arrival_infinity_welcomes_careful_drivers,
          layout_loops_ring, serial_shops, nicolae_shop_statue_plus, shop,
          bh_walls_and_bars
D:2:      layout_rooms, ebering_ecumenical_altar_rust, serial_shops, shop,
          nicolae_shop_behind_doors, shop
D:3:      layout_loops_ring, gammafunk_temple_overflow_forgotten,
          serial_bayou_pond_e, eino_tiny_chamber
D:4:      layout_basic, minmay_temple_entry_statues_fountains,
          chequers_serial_rivers_micro_b

Skill      XL: |  1  2  3  4  5 |
---------------+----------------+-----
Spellcasting   | 3 4 |  4.0
Stealth        | 2 |  2.2
Fighting       | |  0.1
Dodging        | |  2.6

Action                     |  1- 3 |  4- 6 || total
---------------------------+-------+-------++-------
   Cast: Foxfire           |    55 |    54 ||   109
         Necrotise         |       |     3 ||     3
         Inner Flame       |       |     3 ||     3
         Scorch            |       |     3 ||     3
         Volatile Blastmot |       |     1 ||     1
    Use: Scroll            |     6 |     3 ||     9
 Armour: Robe              |     1 |       ||     1
  Dodge: Dodged            |     5 |     3 ||     8
